 Dungeon Crawl Stone Soup version 0.30.0-29-ga12c61a403 (webtiles) character file.

Game seed: 917676434390415906

11418 seaoflcl the Cleaver (level 11, -8/95 HPs)
             Began as a Minotaur Fighter on June 15, 2023.
             Was a Priest of Qazlal.
             Killed by divine providence
             ... invoked by a smoke demon
             ... summoned by a kobold demonologist
              (12 damage)
             ... on level 11 of the Dungeon.
             The game lasted 00:15:41 (11130 turns).

seaoflcl the Cleaver (Minotaur Fighter)            Turns: 11130, Time: 00:15:41

Health: -8/95      AC: 12    Str: 26    XL:     11   Next: 49%
Magic:  14/14      EV:  7    Int:  5    God:    Qazlal [***...]
Gold:   498        SH: 11    Dex: 15    Spells: 10/10 levels left

rFire   . . .        L - +6 war axe
rCold   . . .        c - +0 buckler
rNeg    . . .        z - +0 plate armour
rPois   +            J - +1 hat
rElec   .            h - scarf {repulsion}
rCorr   .            (no gloves)
SInv    .            x - +0 pair of boots
Will    .....        E - amulet of the acrobat Stlth
                     f - +6 ring of dexterity
HPRegen 0.35/turn    H - ring of poison resistance
MPRegen 0.14/turn

%: repel missiles, acrobat
@: corroded, hasted, very quick
A: horns 2, retaliatory headbutt
a: Renounce Religion, Upheaval, Elemental Force


You were on level 11 of the Dungeon.
You worshipped Qazlal.
Qazlal was most pleased with you.
You visited 2 branches of the dungeon, and saw 13 of its levels.
You also visited: Sewer.

You collected 498 gold pieces.

Inventory:

Hand Weapons
 a - a +0 war axe
 d - a +2 trident of venom
 K - a +1 heavy hand axe
 L - a +6 war axe (weapon)
 T - a +5 war axe
 U - a +0 scimitar of flaming
 Y - a +5 great sword
Missiles
 F - 12 poisoned darts
 Z - 7 javelins (quivered)
Armour
 c - a +0 buckler (worn)
 h - a scarf of repulsion (worn)
 m - a +0 cloak
 x - a +0 pair of boots (worn)
 z - a +0 plate armour (worn)
 G - +0 swamp dragon scales
 J - a +1 hat (worn)
Jewellery
 f - a +6 ring of dexterity (left hand)
 g - a ring of resist corrosion
 y - a ring of positive energy
 E - an amulet of the acrobat (around neck)
 H - a ring of poison resistance (right hand)
 I - the Hermit's Pendant {Faith Invo=14 Evo=0 MP+5}
   (You found it on level 6 of the Dungeon)

   [amulet of faith]

   Invo=14: It sets your Invocations skill to 14.
   Evo=0: It sets your Evocations skill to 0.
   It allows you to gain divine favour quickly.
   MP:        It affects your magic capacity (+5).
 V - a ring of fire
 X - a ring of protection from cold
Wands
 s - a wand of flame (13)
 B - a wand of polymorph (9)
 M - a wand of digging (8)
 O - a wand of charming (7)
Scrolls
 l - 2 scrolls of enchant weapon
 n - a scroll of enchant armour {unknown}
 o - 6 scrolls of teleportation
 p - a scroll of torment {unknown}
 q - 2 scrolls of magic mapping {unknown}
 t - a scroll of fear
 A - a scroll of acquirement {unknown}
 N - a scroll of vulnerability {unknown}
 P - a scroll of fog {unknown}
 R - 2 scrolls of immolation {unknown}
 W - a scroll of identify
Potions
 e - 2 potions of lignification
 i - a potion of attraction
 j - 11 potions of curing {unknown}
 k - 3 potions of heal wounds
 r - 2 potions of cancellation
 u - a potion of mutation
 v - a potion of degeneration {unknown}
 w - 4 potions of flight {unknown}
 C - a potion of berserk rage
 D - a potion of magic {unknown}
 Q - a potion of might
Miscellaneous
 S - a lightning rod (4/4)


   Skills:
 + Level 8.5 Fighting
 + Level 3.2 Long Blades
 * Level 11.3(11.8) Axes
 + Level 5.7(9.3) Polearms
 + Level 5.8 Throwing
 + Level 8.8 Armour
 + Level 8.6 Shields
 + Level 5.3 Invocations
 + Level 4.7 Evocations


You had 10 spell levels left.
You didn't know any spells.
Your spell library contained the following spells:

 Spells                   Type           Power      Damage    Failure   Level
 Sandblast                Erth           0%         2d4       99%         1
 Shock                    Conj/Air       0%         1d3       99%         1
 Blink                    Tloc           0%         N/A       100%        2
 Lesser Beckoning         Tloc           0%         N/A       100%        2
 Momentum Strike          Conj/Tloc      0%         3d8       100%        2
 Passwall                 Tmut/Erth      0%         N/A       100%        2
 Sublimation of Blood     Necr           0%         N/A       100%        2
 Wereblood                Tmut           0%         N/A       100%        2
 Stone Arrow              Conj/Erth      0%         3d7       100%        3
 Swiftness                Air            0%         N/A       100%        3
 Volatile Blastmotes      Fire/Tloc      0%         2d10      100%        3
 Airstrike                Air            0%         2d(0-16)  100%        4
 Fulminant Prism          Conj/Hex       0%         3d5       100%        4
 Iskenderun's Mystic Bla  Conj/Tloc      0%         2d3       100%        4
 Olgreb's Toxic Radiance  Pois           0%         N/A       100%        4
 Petrify                  Tmut/Erth      0%         N/A       100%        4
 Lee's Rapid Deconstruct  Erth           0%         3d4*      100%        5
 Metabolic Englaciation   Hex/Ice        0%         N/A       100%        5
 Statue Form              Tmut/Erth      0%         N/A       100%        6
 Summon Hydra             Summ           0%         N/A       100%        7
 Discord                  Hex            0%         N/A       100%        8
 Ignition                 Fire           0%         3d3       100%        8


Dungeon Overview and Level Annotations

Branches:
Dungeon (12/15)            Temple (1/1) D:5            Lair (0/5) D:9
  Sewer (visited)
    Orc: D:9-12

Altars:
Ashenzari
Cheibriados
Dithmenos
Elyvilon
Fedhas
Gozag
Kikubaaqudgha
Makhleb
Nemelex Xobeh
Okawaru
Qazlal
Ru
Sif Muna
Trog
Uskayaw
Vehumet
Wu Jian
Xom
Yredelemnul
Zin
The Shining One

Annotations:
D:6 3 runed translucent doors, monsoonserge's ghost, novice DrCj
D:8 4 runed translucent doors


Innate Abilities, Weirdness & Mutations

You have a pair of horns on your head.
You reflexively headbutt those who attack you in melee.


Message History

You feel much better.
You hear a bellow!
The orc hits you with a +0 club. You block the shadow imp's attack.
You block the boulder beetle's attack.
You feel yourself speed up.
You hear a bellow!
The orc hits you with a +0 club. You block the shadow imp's attack.
The boulder beetle bites you but does no damage.
You hit the kobold demonologist but do no damage.
You closely miss the orc.
You hit the shadow imp but do no damage.
You hit the boulder beetle but do no damage.
You hear a bellow!
The orc hits you but does no damage.
The kobold demonologist gestures wildly while chanting.
The smoke demon gestures at you. Something smites you!
* * * LOW HITPOINT WARNING * * *
You closely miss the kobold demonologist.
Your headbutt misses the kobold demonologist.
You slash the orc!
You kill the orc!
Qazlal accepts your kill.
You closely miss the crimson imp. You miss the quasit.
You hit the boulder beetle but do no damage.
You hear a bellow!
The boulder beetle bites you!
* * * LOW HITPOINT WARNING * * *
A yak comes into view. x2
The kobold demonologist hits you but does no damage.
You closely miss the kobold demonologist.
You headbutt the kobold demonologist, but do no damage.
You barely miss the crimson imp. You hit the quasit.
You hit the boulder beetle but do no damage.
The shadow imp disappears in a puff of smoke!
The quasit bites you but does no damage.
You block the quasit's attack. x2
The smoke demon gestures at you. Something smites you!
You die...

#...........#
#...........#
#...........#
#...........#
#...........#
#.....$.....#
#.....○.....#
#....3K@5D..#
#....5)5B...#
.......§)...#
............#
#...........#
.............Y
..?...........Y
...............
.......<.......


You could see a boulder beetle, a kobold demonologist, 2 yaks, a smoke demon
(summoned), an acid dragon, a quasit (summoned), a crimson imp (summoned) and an
ufetubus (summoned).

Vanquished Creatures
  A two-headed ogre (D:9)
  Erica (D:8)
  Urug (D:10)
  Pikel (D:6)
  A gargoyle (D:8)
  Maggie (D:6)
  A rime drake (D:9)
  2 trolls
  A hornet (D:9)
  3 shadows
  2 slime creatures (D:11)
  2 wraiths
  2 wyverns (D:8)
  10 yaks
  Grum (D:8)
  An acid dragon (D:10)
  2 water moccasins (D:8)
  7 orc warriors
  7 ice beasts
  7 wolves
  4 centaurs
  A phantom (D:5)
  A kobold brigand (Sewer)
  6 bullfrogs
  3 gnoll sergeants
  A scorpion (D:5)
  5 wights
  3 killer bees (D:9)
  5 howler monkeys
  4 hounds
  4 orc priests
  3 gnoll boudas
  2 jellies
  An iguana (D:5)
  4 orc wizards
  24 gnolls
  14 adders
  6 river rats
  A shadow imp (D:7)
  2 white imps
  3 ufetubi
  2 worms
  4 dart slugs
  29 orcs
  2 bats
  3 endoplasms
  5 giant cockroaches
  6 hobgoblins
  A jackal (Sewer)
  6 kobolds
  14 ball pythons
  6 frilled lizards
  8 goblins
  16 rats
253 creatures vanquished.

Notes
Turn   | Place    | Note
-------+----------+-------------------------------------------
     0 | D:1      | seaoflcl the Minotaur Fighter began the quest for the Orb.
     0 | D:1      | Reached XP level 1. HP: 19/19 MP: 0/0
   143 | D:1      | Reached XP level 2. HP: 21/27 MP: 1/1
   324 | D:1      | Reached skill level 3 in Axes
  1378 | D:2      | Reached XP level 3. HP: 33/33 MP: 2/2
  2244 | D:3      | Reached XP level 4. HP: 40/40 MP: 3/3
  2269 | D:3      | Reached skill level 4 in Axes
  2279 | D:3      | Found a glowing drain.
  2284 | Sewer    | Entered a sewer
  2438 | Sewer    | Reached XP level 5. HP: 47/47 MP: 4/4
  2808 | Sewer    | Reached skill level 5 in Axes
  3283 | D:3      | Reached XP level 6. HP: 50/53 MP: 5/5
  3292 | D:3      | Reached skill level 5 in Armour
  3671 | D:4      | Found a snail-covered altar of Cheibriados.
  3758 | D:4      | Reached skill level 5 in Fighting
  3758 | D:4      | Reached skill level 5 in Shields
  4295 | D:4      | Found a bloodstained altar of Trog.
  4295 | D:4      | Found an iron altar of Okawaru.
  4304 | D:4      | Reached skill level 1 in Throwing
  4599 | D:5      | Entered Level 5 of the Dungeon
  5135 | D:5      | Reached skill level 6 in Axes
  5135 | D:5      | Reached XP level 7. HP: 59/61 MP: 6/6
  5152 | D:5      | Found a staircase to the Ecumenical Temple.
  5221 | Temple   | Entered the Ecumenical Temple
  5380 | Temple   | Became a worshipper of Qazlal Stormbringer
  5817 | D:6      | Noticed Pikel
  5835 | D:6      | Killed Pikel
  5836 | D:6      | Reached skill level 7 in Axes
  5836 | D:6      | Reached skill level 1 in Invocations
  5836 | D:6      | Reached skill level 1 in Evocations
  5836 | D:6      | Reached XP level 8. HP: 7/70 MP: 6/8
  6512 | D:6      | Noticed Maggie
  6542 | D:6      | Killed Maggie
  6543 | D:6      | Reached skill level 1 in Polearms
  7114 | D:6      | Found a runed translucent gate.
  7114 | D:6      | Found a runed translucent gate.
  7114 | D:6      | Found a runed translucent gate.
  7114 | D:6      | Noticed monsoonserge's ghost (novice DrCj)
  7591 | D:6      | Found a faded altar of an unknown god.
  7591 | D:6      | Found the Hermit's Pendant {Faith Invo=14 Evo=0 MP+5}
  7603 | D:6      | Reached skill level 8 in Axes
  7798 | D:7      | Reached XP level 9. HP: 73/78 MP: 9/9
  7917 | D:7      | Reached * piety under Qazlal
  8005 | D:7      | Noticed a troll
  8017 | D:7      | Killed a troll
  8430 | D:7      | Found a glowing golden altar of the Shining One.
  8467 | D:7      | Reached skill level 9 in Axes
  8620 | D:8      | Found a large runed translucent door.
  8621 | D:8      | Found a large runed translucent door.
  8624 | D:8      | Found the +16 obsidian axe {drain, demonic, Mesm Drain Fly
                  | SInv}
  8625 | D:8      | Noticed a meliai
  8625 | D:8      | Noticed a two-headed ogre
  8635 | D:8      | Noticed a gargoyle
  8655 | D:8      | Killed a gargoyle
  8919 | D:8      | Identified the ring "Tuurop" {Ice rPois}
  8935 | D:8      | Reached XP level 10. HP: 86/86 MP: 11/11
  9041 | D:8      | Found a large runed translucent door.
  9041 | D:8      | Found a large runed translucent door.
  9121 | D:8      | Noticed Grum
  9136 | D:8      | Killed Grum
  9360 | D:8      | Reached ** piety under Qazlal
  9416 | D:8      | Reached skill level 10 in Axes
  9480 | D:8      | Noticed Erica
  9492 | D:8      | Killed Erica
  9601 | D:8      | Reached skill level 5 in Throwing
  9804 | D:9      | Noticed a two-headed ogre
  9818 | D:9      | Reached skill level 1 in Long Blades
  9822 | D:9      | Killed a two-headed ogre
  9828 | D:9      | Reached skill level 5 in Polearms
  9838 | D:9      | Found a staircase to the Lair.
  9838 | D:9      | Reached *** piety under Qazlal
  9927 | D:9      | Reached XP level 11. HP: 71/94 MP: 13/13
 10301 | D:9      | Reached skill level 5 in Invocations
 10545 | D:9      | Found a burning altar of Makhleb.
 10656 | D:10     | Entered Level 10 of the Dungeon
 10847 | D:10     | Reached skill level 11 in Axes
 10897 | D:10     | Noticed Urug
 10908 | D:10     | Killed Urug
 11100 | D:10     | You fall into a shaft and drop 2 floors!
 11107 | D:11     | Noticed a boulder beetle
 11129 | D:11     | HP: 4/95 [boulder beetle (15)]
 11130 | D:11     | Killed from afar by a smoke demon

Illustrated notes

Levels and vault maps discovered:
D:1:      tarquinn_simple_flora_water_d, layout_loops_ring,
          chequers_serial_rivers_micro_a, amcnicky_mini_pool_small
D:2:      layout_loops_corners
D:3:      layout_loops_ring, lightli_sewer_entry_pipes
D:4:      wad_crossroads, layout_basic, grunt_temple_overflow_bloody_war,
          nicolae_overflow_crystal_walls, serial_bayou, serial_bayou_shore_a,
          serial_bayou_pond_a, serial_bayou_pond_e, serial_bayou_ford_a
D:5:      wander_river, layout_rooms, minmay_temple_entry_water_ring
D:6:      layout_loops_ring, ebering_ghost_rock_garden, reono_crystal_passage,
          hellmonk_guarded_unrand_hermit, uniq_pikel, uniq_maggie
D:7:      minmay_opposing_rooms, layout_basic, tso_oasis_becter
D:8:      layout_gridville, minmay_hollow_rounded_squares, uniq_grum, uniq_erica
D:9:      layout_loops_ring, mainiacjoe_overflow_alcove_4,
          hellmonk_lair_entry_icy
D:10:     layout_cave_pools, kennysheep_mini, uniq_urug
D:11:     layout_cross, david_orc_3, portal_ice_cave_rime
D:12:     evilmike_diamond_2, layout_rooms
Temple:   nicolae_temple_slightly_damp_pantheon

Skill      XL: |  1  2  3  4  5  6  7  8  9 10 11 |
---------------+----------------------------------+-----
Axes           | 3 4 5 6 7 8 9 10 11 | 11.3
Armour         | 4 5 6 7 8 |  8.8
Shields        | 4 5 6 7 8 |  8.6
Fighting       | 4 5 6 7 8 |  8.5
Throwing       | 1 2 3 4 5 |  5.8
Invocations    | 1 2 3 4 5 |  5.3
Evocations     | 1 2 3 4 |  4.7
Polearms       | 1 3 5 |  5.7
Long Blades    | 1 3 |  3.2

Action                     |  1- 3 |  4- 6 |  7- 9 | 10-12 || total
---------------------------+-------+-------+-------+-------++-------
  Melee: War axe           |    96 |   177 |   178 |   220 ||   671
         Headbutt          |    13 |    24 |    38 |    42 ||   117
         Hand axe          |       |       |     7 |       ||     7
  Throw: Dart              |       |       |    11 |     2 ||    13
    Use: Potion            |       |       |     1 |     2 ||     3
         Scroll            |       |       |     6 |     2 ||     8
 Armour: Scale mail        |    43 |    56 |       |       ||    99
         Chain mail        |       |    14 |    40 |       ||    54
         Plate armour      |       |       |    32 |    82 ||   114
  Dodge: Dodged            |    42 |    57 |    90 |    83 ||   272
         Repelled          |       |     6 |     4 |     2 ||    12
  Block: Buckler           |    38 |    42 |    46 |   112 ||   238
